 Dungeon Sprint DCSS version 0.27-a0-1359-ga2a4dfd6fd (webtiles) character file.

Game seed: 11846895621096280317

1199 mhtbhm the Thaumaturge (level 8, -3/43 HPs)
             Began as a Deep Elf Earth Elementalist on June 28, 2021.
             Was a Believer of Vehumet.
             Shot with an arrow by a centaur warrior (31 damage)
             ... in the Dungeon (Sprint IX: "|||||||||||||||||||||||||||||").
             The game lasted 00:01:46 (920 turns).

mhtbhm the Thaumaturge (Deep Elf Earth Elementalist) Turns: 920, Time: 00:01:47

Health: -3/43      AC:  3    Str: 11    XL:     8   Next: 20%
Magic:  14/28      EV: 14    Int: 23    God:    Vehumet [**....]
Gold:   0          SH:  0    Dex: 15    Spells: 20/35 levels left

rFire    . . .     SeeInvis .   m - +2 rapier (venom)
rCold    . . .     Faith    .   (no shield)
rNeg     . . .     Spirit   .   b - +0 robe
rPois    .         Reflect  .   l - +0 helmet
rElec    .         Harm     .   (no cloak)
rCorr    .         Rampage  .   (no gloves)
Will     .....     NoTele   +   (no boots)
Stlth    +++.......             (no amulet)
HPRegen  0.14/turn              n - +3 ring of strength
MPRegen  0.21/turn              o - +3 ring of strength

@: no status effects
A: no striking features
a: Renounce Religion


You were in the Dungeon.
You worshipped Vehumet.
Vehumet was pleased with you.
You visited 1 branch

Inventory:

Hand Weapons
 m - a +2 rapier of venom (weapon)
Missiles
 i - 6 stones
Armour
 b - a +0 robe (worn)
 l - a +0 helmet (worn)
Jewellery
 n - a +3 ring of strength (left hand)
 o - a +3 ring of strength (right hand)
Wands
 k - a wand of acid (4)
Scrolls
 h - 2 scrolls of blinking
 j - 2 scrolls of amnesia
Potions
 a - a potion of invisibility
 c - 5 potions of curing
 d - 3 potions of heal wounds
 e - a potion of haste
 f - 2 potions of magic
 g - a potion of berserk rage


   Skills:
 + Level 1.2 Fighting
 + Level 5.3 Dodging
 + Level 6.7 Stealth
 + Level 14.3 Spellcasting
 + Level 1.8 Transmutations
 + Level 13.2 Earth Magic
 + Level 3.2 Evocations


You had 20 spell levels left.
You knew the following spells:

 Your Spells              Type           Power      Damage    Failure   Level
a - Sandblast             Erth           100%       2d20      0%          1
b - Passwall              Tmut/Erth      41%        N/A       1%          2
c - Stone Arrow           Conj/Erth      92%        3d12      1%          3
d - Lee's Rapid Deconstr  Erth           33%        3d18*     1%          5
e - Petrify               Tmut/Erth      50%        N/A       1%          4

Your spell library contained the following spells:

 Spells                   Type           Power      Damage    Failure   Level
 Foxfire                  Conj/Fire      64%        2x1d7     3%          1


Dungeon Overview and Level Annotations

Branches:
Dungeon (1/1)

Altars:
Cheibriados
Dithmenos
Elyvilon
Fedhas
Gozag
Hepliaklqana
Kikubaaqudgha
Makhleb
Nemelex Xobeh
Okawaru
Qazlal
Ru
Sif Muna
Trog
Uskayaw
Vehumet
Wu Jian
Xom
Yredelemnul
Zin
The Shining One
Beogh
Jiyva
Lugonu


Message History

Casting: Sandblast (safe; 1% risk of failure)
Confirm with . or Enter, or press ? or * to list all spells.
Aiming: Sandblast (safe; 1% risk of failure)
Press: ? - help, Shift-Dir - straight line, f/p - deep elf pyromancer
Aim: a deep elf pyromancer, wielding a +0 dagger (almost dead, 78% to hit)
The blast of sand hits the deep elf pyromancer!!
You kill the deep elf pyromancer!
Vehumet accepts your kill.
Vehumet offers you knowledge of Foxfire.
You feel your power returning.
Your Spellcasting skill increases to level 14!
Your Earth Magic skill increases to level 13!
Your Evocations skill increases to level 3!
You have reached level 8!
You feel clever.
Casting: Sandblast (safe; 0% risk of failure)
Confirm with . or Enter, or press ? or * to list all spells.
Aiming: Lee's Rapid Deconstruction (dangerous; 1% risk of failure)
Press: ? - help, Dir - move target, f - centaur warrior Fragment what (e.g. wall or brittle monster)?: a centaur warrior, wielding a +0 shortbow and quivering arrows (heavily wounded, petrified)
The centaur warrior shatters!
The centaur warrior is heavily wounded.
The blast of petrified fragments hits the brown ugly thing!!
The brown ugly thing is almost dead.
Unknown command.
Unknown command.
Casting: Lee's Rapid Deconstruction (dangerous; 1% risk of failure)
Confirm with . or Enter, or press ? or * to list all spells.
Aiming: Lee's Rapid Deconstruction (dangerous; 1% risk of failure)
Press: ? - help, Dir - move target, f/p - centaur warrior Fragment what (e.g. wall or brittle monster)?: a centaur warrior, wielding a +0 shortbow and quivering arrows (heavily wounded, petrified)
The centaur warrior shatters!!!
The centaur warrior is almost dead.
The blast of petrified fragments hits the brown ugly thing!!!
You kill the brown ugly thing!
Vehumet accepts your kill.
The centaur warrior is no longer petrified.
The centaur warrior shoots an arrow.
The arrow hits you!!
Ouch! That really hurt!
You die...

▓.▓
▓)▓
▓.▓
▓.▓
▓[▓
▓[▓
▓.▓
▓)▓
▓@▓
▓.▓
▓.▓
▓c▓
▓.▓
▓u▓
▓u▓
▓O▓
▓.▓


You could see 2 ugly things, a centaur warrior and a two-headed ogre.

Vanquished Creatures
  A deep elf pyromancer (D)
  An ugly thing (D)
  A kobold demonologist (D)
  A troll (D)
  A yak (D)
  An orc warrior (D)
  A howler monkey (D)
  A jelly (D)
  An adder (D)
  An adder zombie (D)
  2 orcs (D)
  3 endoplasms (D)
  A jackal (D)
  A ball python zombie (D)
  A frilled lizard (D)
18 creatures vanquished.

Notes
Turn   | Place    | Note
-------+----------+-------------------------------------------
     0 | D        | mhtbhm the Deep Elf Earth Elementalist began the quest for
                  | the Orb.
     0 | D        | Reached XP level 1. HP: 10/10 MP: 6/6
   257 | D        | Noticed a howler monkey
   257 | D        | Noticed a jelly
   260 | D        | Killed a howler monkey
   261 | D        | Reached skill level 5 in Spellcasting
   261 | D        | Reached skill level 5 in Earth Magic
   261 | D        | Reached XP level 2. HP: 15/15 MP: 4/10
   261 | D        | Reached XP level 3. HP: 19/19 MP: 4/12
   264 | D        | Reached skill level 6 in Spellcasting
   264 | D        | Reached XP level 4. HP: 10/24 MP: 1/14
   484 | D        | Learned a level 2 spell: Passwall
   488 | D        | Learned a level 3 spell: Stone Arrow
   581 | D        | Found a snail-covered altar of Cheibriados.
   581 | D        | Found a shadowy altar of Dithmenos.
   581 | D        | Found a white marble altar of Elyvilon.
   581 | D        | Found a blossoming altar of Fedhas.
   581 | D        | Found an opulent altar of Gozag.
   582 | D        | Found a hazy altar of Hepliaklqana.
   583 | D        | Found a viscous altar of Jiyva.
   584 | D        | Found an ancient bone altar of Kikubaaqudgha.
   585 | D        | Found a corrupted altar of Lugonu.
   586 | D        | Found a burning altar of Makhleb.
   587 | D        | Found a sparkling altar of Nemelex Xobeh.
   588 | D        | Found an iron altar of Okawaru.
   589 | D        | Found a stormy altar of Qazlal.
   590 | D        | Found a sacrificial altar of Ru.
   591 | D        | Found a shimmering blue altar of Sif Muna.
   592 | D        | Found a bloodstained altar of Trog.
   593 | D        | Found a hide-covered altar of Uskayaw.
   594 | D        | Found a radiant altar of Vehumet.
   595 | D        | Found an ornate altar of the Wu Jian Council.
   596 | D        | Found a shimmering altar of Xom.
   597 | D        | Found a basalt altar of Yredelemnul.
   598 | D        | Found a glowing silver altar of Zin.
   599 | D        | Found a glowing golden altar of the Shining One.
   604 | D        | Became a worshipper of Vehumet
   642 | D        | Noticed an orc warrior
   642 | D        | Noticed a troll
   642 | D        | Noticed a yak
   642 | D        | Noticed a kobold demonologist
   646 | D        | Killed an orc warrior
   646 | D        | Reached * piety under Vehumet
   646 | D        | Offered knowledge of Magic Dart by Vehumet.
   647 | D        | Reached skill level 5 in Stealth
   647 | D        | Reached skill level 8 in Spellcasting
   647 | D        | Reached XP level 5. HP: 6/28 MP: 14/18
   647 | D        | Killed a troll
   648 | D        | Reached skill level 11 in Spellcasting
   648 | D        | Reached skill level 1 in Evocations
   648 | D        | Reached XP level 6. HP: 7/33 MP: 14/22
   649 | D        | Killed a yak
   650 | D        | Reached skill level 12 in Spellcasting
   650 | D        | Reached XP level 7. HP: 8/37 MP: 13/24
   653 | D        | Noticed a rust devil
   653 | D        | Killed a kobold demonologist
   653 | D        | Reached ** piety under Vehumet
   654 | D        | Reached skill level 1 in Fighting
   654 | D        | Reached skill level 5 in Dodging
   654 | D        | Reached skill level 13 in Spellcasting
   868 | D        | Learned a level 5 spell: Lee's Rapid Deconstruction
   873 | D        | Learned a level 4 spell: Petrify
   902 | D        | Noticed a centaur warrior
   902 | D        | Noticed a deep elf pyromancer
   902 | D        | Noticed a white ugly thing
   902 | D        | Noticed a brown ugly thing
   902 | D        | Noticed a red ugly thing
   902 | D        | Noticed a two-headed ogre
   918 | D        | Killed a deep elf pyromancer
   918 | D        | Offered knowledge of Foxfire by Vehumet.
   919 | D        | Reached skill level 14 in Spellcasting
   919 | D        | Reached XP level 8. HP: 28/43 MP: 23/28
   920 | D        | Killed a brown ugly thing
   920 | D        | Shot with an arrow by a centaur warrior

Illustrated notes

Levels and vault maps discovered:
D:        linesprint [early_d, line_temple, items_1, d_10, items_2, lair_1,
          lair_end, items_3, orc_1, orc_end, items_4, d_15, swamp_1, shoals_1,
          snake_1, spider_1, d_20, vaults_1, items_5, swamp_end, shoals_end,
          snake_end, spider_end, vaults_end, d_27, items_6, zot_1, zot_end,
          crypt_end, forest_end, elf_end, slime_end, tomb_end, abyss_end,
          pan_hell_end]

Skill      XL: |  1  2  3  4  5  6  7 |
---------------+----------------------+-----
Dodging        | 3 4 5 |  5.3
Stealth        | 4 5 6 |  6.7
Spellcasting   | 5 6 8 11 12 14 | 14.3
Earth Magic    | 5 6 8 11 13 | 13.2
Evocations     | 1 2 3 |  3.2
Fighting       | 1 |  1.2
Transmutations | |  1.8

Action                   |  1- 3 |  4- 6 |  7- 9 || total
-------------------------+-------+-------+-------++-------
 Cast: Sandblast         |    14 |     8 |     2 ||    24
       Lee's Rapid Decon |       |       |     5 ||     5
       Petrify           |       |       |     3 ||     3
       Stone Arrow       |       |       |     1 ||     1
Evoke: Wand              |       |     3 |     3 ||     6
  Use: Potion            |       |     1 |     1 ||     2
Dodge: Dodged            |       |     2 |     2 ||     4

Table legend: (Time is in decaauts)
 A = Elapsed time spent in this place.
 B = Non-inter-level travel time spent in this place.
 C = Inter-level travel time spent in this place.
 D = Time resting spent in this place.
 E = Time spent auto-exploring this place.
 F = Levels seen in this place.
 G = Mean time per level.
                   A        B        C        D        E       F      G
               +--------+--------+--------+--------+--------+-----+--------+
         Total |    918 |    918 |      0 |    762 |      3 |   1 |  918.0 |
       Dungeon |    918 |    918 |      0 |    762 |      3 |   1 |  918.0 |
               +--------+--------+--------+--------+--------+-----+--------+

Top non-repeatable levels by time:
       D: 918 daAuts
